Map: Ascension to Aiur LE

Players

RiSky

  • Race: Zerg Zerg
  • Spawn Location: 11:00

llllllllllll (DnS) - Winner!

  • Race: Protoss Protoss
  • Spawn Location: 5:00

Event: WCS Valencia 2017

VOD

Have the link to the VOD?

Description

Time

  • Played on: July 13, 2017, 10:34 a.m.
  • Length: 16:07

All games in this series

Show
View Real Time Build Order
Export as new Build Order

RiSky Zerg 

Build Orders: Hatch First 

Get SALT Encoding   

  12  0:00  Drone  
  13  0:11  Overlord  
  13  0:16  Drone  
  14  0:30  Drone x2  
  14  0:33  Drone  
  17  0:51  Hatchery  
  17  0:54  Drone  
  17  0:57  Drone  
  18  1:08  Extractor  
  17  1:12  Spawning Pool  
  17  1:15  Drone  
  17  1:18  Drone  
  18  1:27  Drone  
  19  1:37  Overlord  
  19  1:48  Drone  
  20  1:59  Queen  
  22  2:03  Queen, Zergling x4  
  26  2:10  Drone  
  26  2:13  Drone  
  26  2:14  Metabolic Boost  
  28  2:20  Drone  
  29  2:24  Drone  
  30  2:37  Hatchery  
  30  2:40  Drone  
  30  2:43  Drone  
  31  2:45  Overlord  
  31  2:49  Drone  
  32  2:54  Drone  
  32  2:57  Drone  
  34  3:04  Drone  
  35  3:07  Drone  
  35  3:10  Drone x3  
  35  3:12  Drone  
  40  3:15  Drone  
  40  3:18  Drone  
  40  3:19  Drone x2  
  44  3:28  Overlord  
  44  3:32  Extractor  
  43  3:35  Queen  
  43  3:36  Roach Warren  
  44  3:46  Queen, Drone  
  44  3:47  Drone  
  44  3:48  Drone x3  
  50  3:49  Drone  
  50  3:51  Overlord  
  50  3:54  Drone x2  
  54  3:56  Drone  
  54  3:58  Drone  
  54  4:01  Queen  
  58  4:06  Overlord  
  58  4:10  Spore Crawler  
  58  4:14  Spore Crawler  
  58  4:15  Roach x2  
  60  4:17  Roach  
  60  4:21  Roach  
  64  4:24  Lair  
  64  4:27  Spore Crawler  
  64  4:29  Roach  
  65  4:33  Roach  
  65  4:38  Roach x2  
  71  4:47  Roach  
  71  4:49  Overlord  
  71  4:54  Drone  
  71  4:56  Drone  
  71  4:57  Drone  
  71  4:59  Overlord  
  74  5:04  Overlord  
  74  5:05  Overlord  
  74  5:06  Evolution Chamber, Queen  
  73  5:09  Drone  
  73  5:10  Drone  
  73  5:11  Drone x5  
  82  5:15  Overlord  
  82  5:17  Drone  
  82  5:20  Drone  
  84  5:22  Glial Reconstitution  
  84  5:24  Drone  
  84  5:25  Extractor  
  84  5:27  Overseer  
  84  5:28  Drone  
  85  5:29  Drone x2  
  85  5:30  Drone x2  
  85  5:32  Extractor  
  85  5:33  Drone x2  
  88  5:43  Drone x5  
  88  5:47  Drone  
  94  5:51  Drone  
  94  5:52  Extractor  
  94  5:54  Extractor, Drone  
  94  5:55  Baneling Nest  
  94  5:56  Zerg Melee Weapons Level 1  
  93  5:59  Drone  
  93  6:01  Drone  
  93  6:02  Drone x2  
  93  6:03  Drone  
  98  6:07  Hatchery, Drone  
  98  6:11  Drone, Overlord  
  99  6:13  Drone  
  99  6:17  Drone  
  99  6:18  Drone x2  
  103  6:19  Drone  
  103  6:20  Overlord  
  103  6:22  Drone  
  105  6:27  Hatchery  
  103  6:34  Drone  
  103  6:36  Drone x2, Hydralisk Den  
  105  6:41  Overlord  
  105  6:43  Drone, Centrifical Hooks  
  106  6:51  Drone x10  
  116  7:02  Overlord  
  116  7:06  Muscular Augments  
  116  7:11  Overlord  
  116  7:13  Hydralisk x3  
  116  7:14  Hydralisk x3  
  127  7:18  Hydralisk x2  
  127  7:20  Overseer  
  127  7:21  Hydralisk  
  133  7:23  Hydralisk  
  135  7:32  Hydralisk x2  
  135  7:35  Hydralisk  
  135  7:37  Hatchery  
  140  7:41  Hydralisk  
  140  7:42  Hydralisk x3  
  148  7:45  Hydralisk x5  
  158  7:52  Hydralisk x2  
  158  7:53  Hydralisk  
  164  7:58  Zerg Melee Weapons Level 2  
  164  8:02  Hatchery  
  163  8:06  Zergling x6  
  163  8:07  Overlord x2  
  166  8:17  Overlord x2  
  166  8:27  Zergling x20  
  166  8:28  Zergling x12  
  182  8:35  Zergling x2  
  182  8:37  Overlord x2  
  183  8:42  Zergling x12  
  183  8:43  Infestation Pit  
  183  8:45  Zergling x2  
  183  8:46  Zergling x12  
  195  8:48  Zergling x2  
  198  8:55  Zergling x6  
  198  8:56  Zergling x2  
  198  9:01  Zergling x4  
  195  9:06  Zergling x6  
  194  9:16  Zergling x10  
  199  9:19  Overlord  
  199  9:20  Overlord  
  199  9:21  Overlord  
  199  9:24  Baneling x14  
  196  9:36  Zergling x14  
  195  9:38  Hive  
  195  9:40  Spire  
  195  9:44  Zergling x10  
  199  9:54  Baneling  
  199  9:55  Baneling x15  
  189  10:02  Baneling x12  
  189  10:03  Baneling x6  
  189  10:06  Zergling x18  
  189  10:07  Zergling x2  
  199  10:12  Zergling x4  
  199  10:13  Zergling x12  
  193  10:19  Zergling x10  
  193  10:32  Extractor, Zergling x2  
  193  10:33  Extractor, Zergling x12  
  198  10:38  Zerg Missile Weapons Level 1  
  198  10:46  Baneling x3  
  198  10:47  Baneling x10  
  197  10:55  Zergling x4  
  197  10:56  Zergling x14  
  189  11:06  Zergling x18  
  189  11:07  Zergling x4  
  189  11:09  Greater Spire, Adrenal Glands  
  194  11:11  Zergling x2  
  194  11:12  Zergling x10  
  198  11:24  Zergling x18  
  199  11:32  Pathogen Glands  
  189  11:42  Zergling x18  
  189  11:43  Zergling x4  
  173  12:10  Zergling x2  
  173  12:11  Zergling x36  
  173  12:15  Corruptor x7  
  179  12:30  Extractor, Zergling x2  
  179  12:31  Zergling x20  
  179  12:33  Corruptor, Extractor  
  179  12:34  Corruptor  
  192  12:42  Zerg Melee Weapons Level 3  
  192  12:47  Baneling  
  192  12:48  Baneling x10  
  192  12:56  Baneling x12  
  192  12:57  Baneling x8  
  191  13:14  Brood Lord x3  
  191  13:15  Brood Lord  
  187  13:26  Brood Lord x3  
  176  13:32  Zergling x28  
  176  13:33  Zergling x10  
  199  13:53  Hydralisk x3  
  200  13:57  Spore Crawler  
  200  13:58  Overseer  
  200  13:59  Spore Crawler x2  
  200  14:01  Baneling x4  
  194  14:12  Baneling x4  
  194  14:13  Baneling x6  
  184  14:21  Zergling x32  
  184  14:22  Hydralisk x2, Zergling x4  
  198  14:27  Hydralisk x2  
  198  14:28  Hydralisk  
  194  14:32  Hydralisk x3  
  194  14:36  Hydralisk x2  
  194  14:37  Hydralisk x2  
  183  14:45  Overlord x5  
  168  14:46  Overlord  
  134  15:00  Hydralisk x9  
  137  15:13  Zergling x10  
  126  15:18  Hydralisk x2  
  105  15:23  Hydralisk  
  89  15:28  Zergling x4  
  86  15:36  Hydralisk x2  
  86  15:40  Zergling x2  
Show
View Real Time Build Order
Export as new Build Order

llllllllllll Protoss - Winner!

Build Orders: 1 Gate Expand, Zealot Archon, Dark Templar Rush 

Get SALT Encoding   

  12  0:00  Probe (Chrono Boost)  
  13  0:11  Probe (Chrono Boost)  
  14  0:17  Pylon  
  14  0:22  Probe (Chrono Boost)  
  16  0:35  Probe (Chrono Boost)  
  16  0:38  Gateway  
  16  0:46  Probe (Chrono Boost)  
  16  0:47  Assimilator  
  17  0:56  Probe (Chrono Boost)  
  18  1:07  Probe (Chrono Boost)  
  19  1:18  Nexus  
  19  1:23  Probe (Chrono Boost)  
  20  1:32  Cybernetics Core  
  20  1:35  Probe (Chrono Boost)  
  21  1:41  Assimilator  
  21  1:45  Probe (Chrono Boost)  
  22  1:49  Pylon  
  22  1:56  Probe (Chrono Boost)  
  23  2:07  Probe (Chrono Boost)  
  23  2:08  Adept (Chrono Boost)  
  26  2:10  Warp Gate  
  26  2:19  Probe  
  27  2:24  Twilight Council  
  27  2:29  Probe  
  27  2:31  Probe  
  27  2:33  Adept (Chrono Boost)  
  31  2:40  Probe  
  31  2:43  Probe  
  33  2:52  Probe (Chrono Boost)  
  33  2:55  Probe (Chrono Boost), Robotics Facility  
  35  3:03  Probe (Chrono Boost)  
  36  3:06  Probe (Chrono Boost)  
  37  3:14  Probe (Chrono Boost)  
  37  3:15  Dark Shrine  
  37  3:19  Probe (Chrono Boost)  
  39  3:24  Probe (Chrono Boost)  
  39  3:25  Gateway  
  40  3:30  Probe (Chrono Boost), Gateway  
  40  3:33  Gateway  
  41  3:35  Probe (Chrono Boost)  
  41  3:39  Probe (Chrono Boost)  
  43  3:43  Warp Prism (Chrono Boost)  
  43  3:48  Pylon  
  45  3:49  Probe  
  45  3:52  Assimilator  
  45  3:55  Assimilator  
  46  3:59  Pylon  
  46  4:04  Probe  
  46  4:06  Probe  
  48  4:10  Pylon  
  48  4:14  Zealot  
  48  4:15  Probe  
  51  4:18  Probe  
  51  4:21  Pylon  
  52  4:26  Probe (Chrono Boost)  
  52  4:30  Pylon, Probe (Chrono Boost)  
  54  4:37  Probe (Chrono Boost)  
  55  4:41  Dark Templar x4  
  63  4:56  Nexus  
  63  4:57  Charge, Pylon  
  63  5:02  Probe x2 (Chrono Boost)  
  63  5:06  Archon  
  65  5:07  Archon  
  65  5:09  Observer (Chrono Boost)  
  65  5:13  Mothership Core  
  68  5:18  Pylon  
  68  5:19  Sentry x2  
  68  5:20  Zealot  
  74  5:23  Probe  
  79  5:29  Immortal (Chrono Boost)  
  79  5:34  Probe  
  79  5:35  Probe  
  81  5:46  Probe  
  81  5:47  Probe  
  81  5:49  Forge  
  83  5:51  Sentry x2  
  87  5:58  Probe  
  87  5:59  Probe  
  87  6:02  Pylon  
  87  6:03  Immortal (Chrono Boost)  
  93  6:07  Probe  
  93  6:10  Probe  
  95  6:17  Probe  
  96  6:19  Probe, Protoss Ground Weapons Level 1 (Chrono Boost)  
  96  6:20  Gateway  
  96  6:23  Probe, Gateway  
  96  6:25  Pylon  
  98  6:29  Probe  
  98  6:31  Probe  
  98  6:32  Immortal (Chrono Boost)  
  100  6:33  Assimilator  
  100  6:34  Assimilator  
  100  6:37  Probe  
  105  6:46  Probe  
  106  6:48  Probe  
  106  6:51  Gateway  
  106  6:52  Templar Archives, Gateway  
  107  6:57  Gateway  
  107  7:05  Zealot x4  
  107  7:06  Immortal  
  107  7:07  Probe  
  120  7:19  Psionic Storm  
  120  7:20  Probe x3  
  123  7:23  Pylon  
  123  7:25  Pylon  
  123  7:30  Nexus  
  123  7:31  Pylon  
  123  7:39  High Templar x4  
  131  7:47  Immortal  
  131  7:51  Protoss Ground Weapons Level 2, Photon Cannon  
  131  7:52  Photon Cannon  
  135  8:07  Zealot x4  
  135  8:10  High Templar  
  135  8:12  High Templar  
  147  8:16  Archon  
  147  8:23  Photon Cannon, Immortal  
  147  8:28  Zealot x3  
  147  8:32  Pylon x2  
  147  8:33  Pylon x2  
  157  8:34  Pylon  
  157  8:45  Zealot x6  
  169  8:55  Zealot, High Templar x2  
  175  8:57  Immortal  
  175  8:59  Robotics Facility  
  175  9:00  Archon  
  159  9:12  High Templar  
  159  9:13  High Templar  
  159  9:16  Zealot x3  
  159  9:17  Zealot x2, Archon  
  173  9:25  Gateway  
  173  9:26  Gateway  
  169  9:34  Assimilator  
  169  9:35  Immortal, Assimilator  
  169  9:36  Zealot  
  171  9:44  Probe x2  
  175  9:47  Immortal  
  179  9:53  Probe  
  179  9:55  Probe  
  179  9:56  Probe  
  182  10:00  Probe  
  182  10:02  Pylon, High Templar  
  182  10:03  High Templar x4  
  182  10:04  Probe, Pylon  
  182  10:06  Pylon  
  195  10:07  Probe, Archon  
  195  10:08  Probe  
  194  10:18  Zealot x3  
  194  10:34  Stargate  
  194  10:50  Photon Cannon  
  194  10:52  Photon Cannon  
  194  10:53  Nexus  
  194  10:56  Pylon  
  194  10:58  Pylon  
  194  11:07  Zealot x3  
  200  11:21  Fleet Beacon  
  200  11:24  Stargate  
  200  11:25  Photon Cannon, Stargate  
  194  11:26  Photon Cannon, Stargate  
  194  11:27  Zealot x4  
  194  11:28  Photon Cannon  
  194  11:30  Photon Cannon  
  194  11:32  Photon Cannon  
  179  11:46  High Templar x3  
  185  11:47  High Templar x3  
  185  11:49  Zealot x2  
  185  11:50  Zealot x2  
  185  11:51  Assimilator  
  185  11:52  Archon x2  
  185  11:53  Archon  
  199  11:59  Assimilator  
  165  12:11  Zealot x2  
  165  12:12  Zealot, Probe x2  
  165  12:13  Probe  
  165  12:14  Probe x2  
  148  12:18  Zealot  
  148  12:21  Tempest  
  148  12:22  Tempest x2  
  166  12:26  Probe  
  166  12:28  Probe x2  
  161  12:39  Probe x2  
  161  12:40  Probe x3  
  166  12:49  High Templar x4  
  174  12:52  Probe  
  174  12:53  Probe, Archon x2  
  174  12:54  Probe x2  
  178  12:59  Zealot  
  180  13:10  Tempest  
  186  13:16  High Templar  
  186  13:17  High Templar x2  
  183  13:23  Probe  
  183  13:24  Probe x2  
  183  13:25  Probe  
  178  13:31  Probe  
  185  13:39  Pylon  
  185  13:41  High Templar  
  185  13:42  High Templar x3  
  185  13:45  Archon  
  185  13:46  Archon  
  185  13:47  High Templar x2  
  197  13:51  Probe x2, Archon  
  199  13:59  Probe  
  200  14:06  Protoss Air Weapons Level 1  
  150  14:37  High Templar  
  150  14:38  High Templar x5  
  156  14:39  High Templar x3  
  137  14:53  Archon x4  
  137  14:54  Zealot  
  125  15:09  Archon  
  92  15:23  Zealot x8  
  82  16:02  High Templar x4  
  82  16:03  Dark Templar  
  90  16:06  Archon x2  
  90  16:07  Zealot x2  
Tags
 
Add a new tag
Caveats
  • Supply blocks, unpowered buildings, or Contaminate may cause inaccurate times.
  • Supply counts are checked every 10 seconds.